 Dungeon Crawl Stone Soup version 0.24-a0-479-g9a978d2894 (webtiles) character file.

Game seed: 15792619858658624284

7816 KristoblXynda the Fighter (level 11, 0/72 HPs)
             Began as a Gargoyle Fighter on July 8, 2019.
             Was a Believer of Qazlal.
             Slain by an eight-headed hydra (9 damage)
             ... on level 10 of the Dungeon.
             The game lasted 00:24:55 (9826 turns).

KristoblXynda the Fighter (Gargoyle Fighter)        Turns: 9826, Time: 00:24:56

Health: 0/72       AC: 24    Str: 27      XL:     11   Next: 21%
Magic:  11/11      EV:  6    Int:  9      God:    Qazlal [**....]
Gold:   633        SH: 18    Dex:  9 (10) Spells: 10/10 levels left

rFire    . . .     SeeInvis .   x - +0 morningstar
rCold    . . .     Gourm    .   a - +0 shield of the Six Eyes {-Tele rPois MR+++ Regen+}
rNeg     + . .     Faith    .   I - +0 plate armour
rPois    ∞         Spirit   .   b - +1 helmet
rElec    +         Reflect  +   (no cloak)
rCorr    .         Harm     .   (no gloves)
MR       +++..     NoTele   +   (no boots)
Stlth    ..........             j - +3 amulet of reflection
HPRegen  0.62/turn              (no ring)
MPRegen  0.12/turn              (no ring)

@: mighty
A: negative energy resistance 1, electricity resistance, unbreathing,
petrification resistance, rot immunity, AC +8
a: Upheaval, Renounce Religion


You were on level 10 of the Dungeon.
You worshipped Qazlal.
Qazlal was pleased with you.
You were not hungry.

You visited 2 branches of the dungeon, and saw 11 of its levels.

You collected 633 gold pieces.

Inventory:

Hand Weapons
 x - a +0 morningstar (weapon)
 H - a +3 war axe
Armour
 a - the +0 shield of the Six Eyes (worn) {-Tele rPois MR+++ Regen+}
   (You acquired it on level 8 of the Dungeon)

   It protects you from poison.
   It affects your resistance to hostile enchantments.
   It prevents most forms of teleportation.
   It increases your rate of regeneration.
 b - a +1 helmet (worn)
 I - a +0 plate armour (worn)
Jewellery
 j - a +3 amulet of reflection (around neck)
Wands
 c - a wand of digging (6)
 s - a wand of disintegration (19)
 w - a wand of paralysis (2)
Scrolls
 h - a scroll of enchant armour
 i - 8 scrolls of remove curse
 k - 2 scrolls of fog
 n - 3 scrolls of magic mapping
 q - 6 scrolls of blinking
 r - 2 scrolls of identify
 t - 2 scrolls of fear
 u - a scroll of amnesia
 y - 5 scrolls of teleportation
Potions
 e - 4 potions of brilliance
 l - 2 potions of mutation
 o - 2 potions of agility
 v - a potion of flight {unknown}
 A - a potion of lignification
 B - a potion of resistance {unknown}
 C - a potion of haste
 F - 2 potions of curing
Miscellaneous
 D - a crystal ball of energy
Comestibles
 f - 9 rations
 p - 2 chunks of flesh


   Skills:
 + Level 9.9 Fighting
 + Level 8.8 Maces & Flails
 + Level 9.9 Armour
 + Level 9.9 Shields


You had 10 spell levels left.
You didn't know any spells.
Your spell library contained the following spells:

 Spells                   Type           Power        Failure   Level  Hunger
 Beastly Appendage        Tmut           #.....       100%        1    ##.....
 Sticks to Snakes         Tmut           #.......     100%        2    ###....
 Spider Form              Tmut/Pois      #.........   100%        3    ####...
 Ice Form                 Ice/Tmut       #.......     100%        4    #####..
 Blade Hands              Tmut           #.........   100%        5    ######.


Dungeon Overview and Level Annotations

Branches:
Dungeon (10/15)            Temple (1/1) D:7            Lair (0/6) D:10
    Orc: D:9-12

Altars:
Ashenzari
Cheibriados
Dithmenos
Elyvilon
Fedhas
Gozag
Hepliaklqana
Kikubaaqudgha
Makhleb
Nemelex Xobeh
Okawaru
Qazlal
Ru
Sif Muna
Trog
Uskayaw
Vehumet
Wu Jian
Xom
Yredelemnul
Zin
The Shining One

Annotations:
D:6 Dowan, Duvessa
D:8 2 transporters, zkyp's ghost, novice OpGl


Innate Abilities, Weirdness & Mutations

You are resistant to torment.
Your stone body is resilient. (AC +8)
You are immune to poison.
You resist negative energy. (rN+)
You are resistant to electric shocks. (rElec)
You can survive without breathing.
You are immune to petrification.
You are immune to rotting.


Message History

The eight-headed hydra bites you.
* * * LOW HITPOINT WARNING * * *
The eight-headed hydra bites you but does no damage.
You cannot blink because you are wearing the +0 shield of the Six Eyes {-Tele rPois MR+++ Regen+}.
Unknown command.
As you read the scroll of fear, it crumbles to dust.
You assume a fearsome visage.
The eight-headed hydra resists with almost no effort.
The eight-headed hydra bites you but does no damage. x2
The eight-headed hydra bites you.
* * * LOW HITPOINT WARNING * * *
The eight-headed hydra bites you but does no damage. x2
You block the eight-headed hydra's attack.
The eight-headed hydra bites you but does no damage.
The eight-headed hydra closely misses you.
As you read the scroll of fear, it crumbles to dust.
You assume a fearsome visage.
The eight-headed hydra easily resists.
The eight-headed hydra bites you but does no damage. x3
The eight-headed hydra bites you!
You die...

......### ........###.#
..........#... ## ...<..........
.. ## .5!†#.........## . ..#
...D#..#.......##.....#
.#..#..##........##...# ####
##...............##..## ##..#
............##.@#....# ##...##
.............##.D.....#### .....#
.............###...#.....####....
...!....†....###.........<#.....#
..%...........##.....#...........
...................#..).....#..
.......##..........#........##.
..#.......>....###..........##. .
#............###.........##..


You could see an eight-headed hydra.

Vanquished Creatures
  2 two-headed ogres
  Pikel (D:7)
  A hornet (D:10)
  3 hippogriffs (D:7)
  Eustachio (D:6)
  A wyvern (D:9)
  9 yaks
  A hungry ghost (D:8)
  Menkaure (D:7)
  6 orc warriors
  A hornet zombie (D:10)
  2 ice beasts
  A sky beast (D:5)
  A phantom (D:5)
  An ogre (D:9)
  3 centaurs
  Blork the orc (D:5)
  6 bullfrogs
  A scorpion (D:5)
  5 howler monkeys
  A wight (D:9)
  5 crimson imps
  A jelly (D:6)
  6 quasits
  A centaur zombie (D:10)
  5 hounds
  8 orc priests
  9 orc wizards
  2 bullfrog skeletons (D:9)
  An iguana (D:6)
  5 worker ants
  A killer bee zombie (D:5)
  A hound zombie (D:7)
  A howler monkey zombie (D:5)
  4 gnolls (D:3)
  3 howler monkey skeletons
  9 adders
  2 shadow imps (D:9)
  An ooze (D:1)
  An adder zombie (D:8)
  2 adder skeletons
  2 worms
  A dart slug (D:5)
  27 orcs
  4 ball pythons
  10 giant cockroaches
  10 hobgoblins
  6 jackals
  2 quokkas
  6 bats
  5 frilled lizards
  7 goblins
  2 goblin zombies (D:9)
  3 hobgoblin zombies (D:9)
  A jackal skeleton (D:4)
  7 kobolds
  A kobold zombie (D:9)
  2 orc skeletons (D:9)
  6 rats
219 creatures vanquished.

Notes
Turn   | Place    | Note
-------+----------+-------------------------------------------
     0 | D:1      | KristoblXynda the Gargoyle Fighter began the quest for the
                  | Orb.
     0 | D:1      | Reached XP level 1. HP: 14/14 MP: 1/1
    85 | D:1      | Reached XP level 2. HP: 19/19 MP: 2/2
   558 | D:1      | Reached XP level 3. HP: 23/23 MP: 3/3
  1386 | D:3      | Found an opulent altar of Gozag.
  1457 | D:3      | Found a sacrificial altar of Ru.
  1738 | D:3      | Reached XP level 4. HP: 29/29 MP: 4/4
  1944 | D:3      | Reached XP level 5. HP: 23/33 MP: 5/5
  2965 | D:5      | Entered Level 5 of the Dungeon
  3017 | D:5      | Noticed a phantom
  3035 | D:5      | Killed a phantom
  3035 | D:5      | Reached XP level 6. HP: 31/39 MP: 6/6
  3126 | D:5      | Noticed an ice beast
  3143 | D:5      | Killed an ice beast
  3143 | D:5      | Reached skill level 5 in Fighting
  3206 | D:5      | Noticed a sky beast
  3219 | D:5      | Killed a sky beast
  3219 | D:5      | Reached skill level 5 in Armour
  3219 | D:5      | Reached skill level 5 in Shields
  3219 | D:5      | Reached XP level 7. HP: 44/44 MP: 7/7
  3257 | D:5      | Noticed Blork the orc
  3276 | D:5      | Killed Blork the orc
  3543 | D:5      | Found a snail-covered altar of Cheibriados.
  3917 | D:6      | Noticed Duvessa
  3922 | D:6      | Noticed Dowan
  4239 | D:5      | Reached XP level 8. HP: 29/51 MP: 8/8
  4499 | D:6      | Found a white marble altar of Elyvilon.
  4507 | D:6      | Noticed Eustachio
  4523 | D:6      | Killed Eustachio
  4718 | D:6      | Reached skill level 5 in Maces & Flails
  4833 | D:6      | Found an opulent altar of Gozag.
  4833 | D:6      | Found a shadowy altar of Dithmenos.
  4863 | D:6      | Found a hazy altar of Hepliaklqana.
  5385 | D:7      | Noticed a hippogriff
  5398 | D:7      | Killed a hippogriff
  5610 | D:7      | Noticed a hippogriff
  5611 | D:7      | Noticed Menkaure
  5626 | D:7      | Killed a hippogriff
  5634 | D:7      | Killed Menkaure
  5634 | D:7      | Reached XP level 9. HP: 22/57 MP: 9/9
  5879 | D:7      | Noticed Pikel
  5921 | D:7      | Killed Pikel
  6021 | D:7      | Found a shattered altar of Ashenzari.
  6348 | D:7      | Found a staircase to the Ecumenical Temple.
  6354 | Temple   | Entered the Ecumenical Temple
  6403 | Temple   | Became a worshipper of Qazlal Stormbringer
  6691 | D:8      | Found a transporter.
  6731 | D:8      | Found a glowing silver altar of Zin.
  7083 | D:8      | Noticed zkyp's ghost (novice OpGl)
  7108 | D:8      | Found a transporter.
  7113 | D:8      | Identified a scroll of acquirement
  7116 | D:8      | Got a fine shield
  7128 | D:8      | Identified the +0 shield of the Six Eyes {-Tele rPois MR+++
                  | Regen+} (You acquired it on level 8 of the Dungeon)
  7452 | D:8      | Reached XP level 10. HP: 62/64 MP: 8/10
  7455 | D:8      | Reached * piety under Qazlal
  8128 | D:9      | Noticed a two-headed ogre
  8144 | D:9      | Killed a two-headed ogre
  8509 | D:9      | Reached ** piety under Qazlal
  8513 | D:9      | Found a glowing golden altar of the Shining One.
  9137 | D:10     | Entered Level 10 of the Dungeon
  9140 | D:10     | Noticed an eight-headed hydra
  9215 | D:10     | Noticed a two-headed ogre
  9236 | D:10     | Killed a two-headed ogre
  9290 | D:10     | Reached XP level 11. HP: 62/71 MP: 11/11
  9777 | D:10     | Found a staircase to the Lair.
  9826 | D:10     | Slain by an eight-headed hydra

Levels and vault maps discovered:
D:1:      erik_arrival_triangle_medium, layout_loops_ring
D:2:      layout_loops_cross, patterned_corridor
D:3:      layout_basic, lemuel_round_altar, first_ration,
          grunt_gozag_breadcrumbs
D:4:      layout_cave_pools, serial_glass, glass_columns_b, glass_columns_c,
          feat_on_display, minmay_strange_pillars, due_unseen_surprise,
          item_on_display_b, minmay_hedge_maze
D:5:      layout_cave_pools, basic_altar, kennysheep_another_room,
          uniq_blork_the_orc
D:6:      layout_cave_pods, overflow_temple_1_default,
          nicolae_overflow_crystal_walls, gammafunk_temple_overflow_elements,
          grunt_tough_drop, uniq_duvessa, uniq_eustachio
D:7:      layout_rooms, evilmike_ruin_ashenzari, minmay_temple_entry_fiery,
          uniq_pikel, uniq_menkaure
D:8:      cheibrodos_quashed, layout_gridville, zin_scriptorium,
          gammafunk_ghost_mausoleum
D:9:      minmay_chambers_of_sixes, layout_irregular_city,
          nicolae_tso_besieged_by_evil
D:10:     layout_cave_pools, lair_entry_dummy
Temple:   zaba_magenta_temple

Skill      XL: |  1  2  3  4  5  6  7  8  9 10 |
---------------+-------------------------------+-----
Fighting       | 4 5 7 8 9 |  9.9
Shields        | 4 5 7 8 9 |  9.9
Armour         | 4 5 7 8 9 |  9.9
Maces & Flails | 3 4 5 7 8 |  8.8

Action                   |  1- 3 |  4- 6 |  7- 9 | 10-12 || total
-------------------------+-------+-------+-------+-------++-------
Melee: Flail             |   143 |   146 |   258 |       ||   547
       Whip              |       |       |   289 |   650 ||   939
       Morningstar       |       |       |       |    13 ||    13
Evoke: Wand              |       |     6 |    11 |    19 ||    36
  Use: Scroll            |       |       |    15 |     9 ||    24
       Potion            |       |       |     4 |     2 ||     6
  Eat: Chunk             |     2 |     6 |    16 |     2 ||    26
       Ration            |       |       |     2 |     2 ||     4
Armor: Scale mail        |    61 |       |       |       ||    61
       Chain mail        |    32 |   107 |   366 |   129 ||   634
       Skin              |       |       |    34 |       ||    34
       Plate armour      |       |       |       |   186 ||   186
Dodge: Dodged            |    43 |    40 |   152 |   108 ||   343
Block: Shield            |    65 |    65 |   361 |   474 ||   965
       Reflection        |       |       |       |     2 ||     2

Table legend:
 A = Non-vault XP
 B = Vault XP
 C = Vault XP percentage of total XP
 D = Non-vault monster count
 E = Vault monster count
 F = Vault count percentage of total count
                 A         B        C        D         E       F
            +---------+---------+-------+---------+---------+-------
      Total |    9121 |    2046 |  18.3 |     192 |      27 |  12.3
            +---------+---------+-------+---------+---------+-------
        D:1 |      36 |       0 |   0.0 |      22 |       0 |   0.0
        D:2 |      27 |       0 |   0.0 |      14 |       0 |   0.0
        D:3 |     140 |       0 |   0.0 |      29 |       0 |   0.0
        D:4 |      35 |       0 |   0.0 |       3 |       0 |   0.0
        D:5 |     627 |      99 |  13.6 |      14 |       1 |   6.7
        D:6 |     450 |     405 |  47.4 |      15 |       5 |  25.0
        D:7 |    1027 |     832 |  44.8 |      13 |       2 |  13.3
        D:8 |    1147 |     182 |  13.7 |      29 |       4 |  12.1
        D:9 |    2706 |     528 |  16.3 |      26 |      15 |  36.6
       D:10 |    2926 |       0 |   0.0 |      27 |       0 |   0.0
            +---------+---------+-------+---------+---------+-------
